 Dungeon Crawl Stone Soup version 0.19-a0-1277-g7cecae3 (webtiles) character file.

11643 IcyTea the Thaumaturge (level 11, -6/84 HPs)
             Began as a Pale Draconian Wizard on Aug 30, 2016.
             Was an Elder of Sif Muna.
             Mangled by a spiny frog (25 damage)
             ... on level 1 of the Lair of Beasts.
             The game lasted 01:45:38 (17165 turns).

IcyTea the Thaumaturge (Pale Draconian Wizard)     Turns: 17165, Time: 01:45:38

Health: -6/84      AC: 15    Str: 15    XL:     11   Next: 52%
Magic:  13/25      EV: 13    Int: 20    God:    Sif Muna [****..]
Gold:   825        SH:  0    Dex: 13    Spells: 10 memorised, 0 levels left

rFire  + . .     SeeInvis .     f - +1 quarterstaff (pain)
rCold  . . .     Gourm    .     (armour unavailable)
rNeg   . . .     Faith    .     (shield currently unavailable)
rPois  +         Spirit   .     a - +2 hat
rElec  .         Dismiss  .     H - +2 cloak {+Inv}
rCorr  .         Reflect  .     i - +2 pair of gloves {Dex+3}
MR     .....     Harm     .     (no boots)
Stlth  ++........               (no amulet)
                                g - ring "Naasab" {rF+ Str+4}
                                e - ring of poison resistance

@: repel missiles
A: breathe steam, unfitting armour, beak, horns 1, cold-blooded, AC +7
a: Breathe Steam, Divine Energy, Channel Magic, Forget Spell, Renounce Religion,
Evoke Invisibility


You were on level 1 of the Lair of Beasts.
You worshipped Sif Muna.
Sif Muna was greatly pleased with you.
You were not hungry.

You visited 3 branches of the dungeon, and saw 13 of its levels.
You also visited: Labyrinth and Sewer.

You collected 825 gold pieces.

Inventory:

Hand Weapons
 f - a +1 quarterstaff of pain (weapon)
 m - a +0 dagger of venom
 q - a +1 flail of holy wrath
Missiles
 l - 5 javelins (quivered)
Armour
 a - a +2 hat (worn)
 i - a +2 pair of gloves of dexterity (worn)
 H - a +2 cloak of invisibility (worn)
Magical Staves
 z - an uncursed staff of energy
Rods
 J - a +9 lightning rod (13/13)
   (You found it in a labyrinth)
 N - a +6 rod of clouds (12/12)
   (You found it in a labyrinth)
Jewellery
 e - a ring of poison resistance (left hand)
 g - the ring "Naasab" (right hand) {rF+ Str+4}
   (You found it on level 4 of the Dungeon)

   [ring of strength]

   It affects your strength (+4).
   It protects you from fire.
 r - a +4 ring of protection
 O - an uncursed ring of protection from fire
 P - an uncursed ring of resist corrosion
Wands
 h - a wand of iceblast (15/15)
 n - a wand of lightning (9/15)
 p - a wand of iceblast (8/15)
 w - a wand of lightning (9/15)
 y - a wand of digging (16/24)
 E - a wand of iceblast (6/15)
 F - a wand of disintegration (5/24)
 K - a wand of lightning (3/15)
 R - a wand of iceblast (8/15)
Scrolls
 k - a scroll of amnesia
 o - 6 scrolls of teleportation
 x - a scroll of remove curse
 B - 4 scrolls of identify
 C - 2 scrolls of magic mapping
 T - a scroll of recharging
Potions
 j - 2 potions of haste
 t - a potion of curing
 D - 2 potions of lignification
 M - a potion of agility
Comestibles
 b - 5 chunks of flesh
 c - 8 bread rations
 A - 3 royal jellies


   Skills:
 - Level 4.0 Fighting
 - Level 5.0 Staves
 - Level 3.6 Dodging
 - Level 1.7 Stealth
 - Level 10.0 Spellcasting
 - Level 9.5 Conjurations
 - Level 1.0 Summonings
 - Level 4.0 Translocations
 + Level 3.7 Fire Magic
 - Level 6.0 Air Magic
 - Level 2.0 Poison Magic
 - Level 5.0 Evocations


You couldn't memorise any spells.
You knew the following spells:

 Your Spells              Type           Power        Failure   Level  Hunger
a - Magic Dart            Conj           ####         1%          1    None
b - Blink                 Tloc           N/A          1%          2    None
c - Repel Missiles        Chrm/Air       ###...       2%          2    None
d - Mephitic Cloud        Conj/Pois/Air  ####....     1%          3    None
e - Fireball              Conj/Fire      #####.....   14%         5    ####...
f - Animate Dead          Necr           N/A          71%         4    ##.....
g - Lightning Bolt        Conj/Air       #####.....   10%         5    ####...
h - Throw Flame           Conj/Fire      #####.       1%          2    None
i - Summon Ice Beast      Ice/Summ       ##......     58%         4    ##.....
j - Slow                  Hex            ##......     12%         2    None


Dungeon Overview and Level Annotations

Branches:
Dungeon (11/15)            Temple (1/1) D:5            Lair (1/6) D:10
    Orc: D:9-12

Altars:
Ashenzari
Cheibriados
Dithmenos
Elyvilon
Fedhas
Gozag
Hepliaklqana
Kikubaaqudgha
Makhleb
Nemelex Xobeh
Okawaru
Qazlal
Ru
Sif Muna
Trog
Uskayaw
Vehumet
Xom
Yredelemnul
Zin
The Shining One

Shops:
D:4 :

Annotations:
D:5 1 runed door


Innate Abilities, Weirdness & Mutations

You can breathe blasts of scalding, opaque steam.
Your pale cyan-grey scales are hard. (AC +7)
Your body does not fit into most forms of armour.
You are cold-blooded and may be slowed by cold attacks.
You have a beak for a mouth.
You have a pair of small horns on your head.


Message History

The spiny frog barely misses you.
The hippogriff is engulfed in noxious fumes.
The hippogriff appears confused.
The spiny frog stings you but does no damage.
You completely miss the spiny frog.
The spiny frog is severely wounded.
The hippogriff is engulfed in noxious fumes.
The hippogriff appears confused.
The spiny frog stings you.
* * * LOW HITPOINT WARNING * * *
Casting: Mephitic Cloud
Confirm with . or Enter, or press ? or * to list all spells.
You blink.
Casting: Blink
Confirm with . or Enter, or press ? or * to list all spells.
Aiming: Slow
Press: ? - help, Shift-Dir - straight line, f - spiny frog
Aim: a spiny frog (severely wounded, chance to defeat MR: 46%)
The spiny frog resists with some effort.
The spiny frog stings you!!
You die...

....... #.......#
##.......## #.........#
##.........## ##
#...........##
##.#######....!.......#
#............).........
#.............@........
#....<........F........
#......................
#.....[................
#..............§§§.....
#..........##.H§.§.##..
#........####..§.§##
#........# #..}...#
........## ##....##


You could see a hippogriff (confused) and a spiny frog.

Vanquished Creatures
  Erica (D:9)
  Joseph (D:7)
  Maurice (D:9)
  A komodo dragon (D:10)
  Grinder (D:4)
  Prince Ribbit (D:9)
  A wyvern (D:6)
  21 yaks
  4 hippogriffs
  5 hungry ghosts
  A mottled dragon (D:9)
  Duvessa (D:7)
  A black bear (D:6)
  An ice beast (D:9)
  3 sky beasts
  An orc warrior (D:8)
  A necrophage (D:8)
  A swamp drake (D:10)
  6 ogres
  An eye of draining (D:5)
  5 centaurs
  4 phantoms
  2 crocodiles (D:10)
  2 big kobolds
  8 giant frogs
  A wyvern skeleton (D:8)
  A water moccasin skeleton (D:7)
  3 scorpions
  Dowan (D:7)
  19 killer bees
  3 wights (D:9)
  7 howler monkeys
  5 crimson imps
  A giant frog zombie (D:5)
  A quasit (D:8)
  A centaur zombie (D:9)
  A jelly (D:10)
  An orc priest (D:10)
  2 centaur skeletons
  2 giant frog skeletons
  7 hounds
  4 orc wizards
  9 worker ants
  8 iguanas
  A hound zombie (D:7)
  2 hound skeletons
  A howler monkey skeleton (D:4)
  21 adders
  11 gnolls
  3 shadow imps
  11 oozes (Sewer)
  An adder skeleton (D:6)
  5 dart slugs
  16 giant geckos
  34 orcs
  10 ball pythons
  6 bats
  11 giant cockroaches
  7 goblins
  3 hobgoblins
  17 jackals
  4 quokkas
  A giant cockroach zombie (D:6)
  A giant gecko skeleton (D:4)
  17 giant newts
  15 kobolds
  6 rats
356 creatures vanquished.

Vanquished Creatures (collateral kills)
  A killer bee (D:9)
  An orc wizard (D:8)
2 creatures vanquished.

Grand Total: 358 creatures vanquished

Notes
Turn   | Place    | Note
-------+----------+-------------------------------------------
     0 | D:1      | IcyTea the Draconian Wizard began the quest for the Orb.
     0 | D:1      | Reached XP level 1. HP: 14/14 MP: 4/4
   208 | D:1      | Reached XP level 2. HP: 20/20 MP: 0/6
   565 | D:1      | Learned a level 2 spell: Blink
   568 | D:1      | Learned a level 2 spell: Repel Missiles
   888 | D:2      | Reached skill level 1 in Air Magic
   992 | D:2      | Reached XP level 3. HP: 24/26 MP: 0/7
   997 | D:2      | Learned a level 3 spell: Mephitic Cloud
  1644 | D:3      | Found a glowing drain.
  1739 | Sewer    | Entered a sewer
  1841 | Sewer    | Reached XP level 4. HP: 15/33 MP: 1/9
  2228 | Sewer    | Reached skill level 4 in Spellcasting
  2306 | Sewer    | Reached skill level 1 in Poison Magic
  2581 | Sewer    | Reached XP level 5. HP: 37/38 MP: 11/11
  3136 | Sewer    | Reached skill level 5 in Spellcasting
  3147 | Sewer    | Reached XP level 6. HP: 34/45 MP: 0/14
  3689 | D:3      | Found a shadowy altar of Dithmenos.
  3804 | D:3      | Found a basalt altar of Yredelemnul.
  4142 | D:4      | Noticed Grinder
  4193 | D:4      | Reached skill level 6 in Spellcasting
  4419 | D:4      | Found Lacowkaj's Book Emporium.
  4441 | D:4      | Found a snail-covered altar of Cheibriados.
  4878 | D:4      | Your scales start taking on a pale cyan-grey colour.
  4878 | D:4      | Reached XP level 7. HP: 37/50 MP: 5/16
  5144 | D:4      | Gained mutation: You are dopey. (Int -2) [potion of mutation]
  5144 | D:4      | Gained mutation: You are very dopey. (Int -4) [potion of mutation]
  5144 | D:4      | Gained mutation: You have a pair of small horns on your head. [potion of mutation]
  5251 | D:4      | Got a twitching copper ring
  5256 | D:4      | Identified the ring "Naasab" {rF+ Str+4} (You found it on level 4 of the Dungeon)
  5532 | D:4      | Paralysed by Grinder for 4 turns
  5541 | D:4      | Killed Grinder
  5541 | D:4      | Reached XP level 8. HP: 55/57 MP: 1/17
  5731 | D:4      | Found a shimmering altar of Xom.
  5809 | D:4      | Reached skill level 1 in Fighting
  6112 | D:4      | Reached skill level 5 in Air Magic
  6163 | D:5      | Entered Level 5 of the Dungeon
  6215 | D:5      | Found a bloodstained altar of Trog.
  6593 | D:5      | Found a staircase to the Ecumenical Temple.
  6600 | Temple   | Entered the Ecumenical Temple
  6858 | Temple   | Became a worshipper of Sif Muna the Loreminder
  7278 | D:5      | Found a white marble altar of Elyvilon.
  7278 | D:5      | Noticed an angel
  7279 | D:5      | Found a runed door.
  7486 | D:5      | Reached skill level 7 in Spellcasting
  7493 | D:5      | Gained mutation: You have a beak for a mouth. [mutagenic meat]
  7496 | D:5      | Gained mutation: You have a pair of horns on your head. [mutagenic meat]
  7499 | D:5      | Gained mutation: Your spells are a little easier to cast, but a little less powerful. [mutagenic meat]
  7502 | D:5      | Lost mutation: You are very dopey. (Int -4) [mutagenic meat]
  8135 | D:6      | Reached * piety under Sif Muna
  8182 | D:6      | Reached skill level 8 in Spellcasting
  8182 | D:6      | Reached XP level 9. HP: 55/64 MP: 8/21
  8951 | D:6      | Found a sparkling altar of Nemelex Xobeh.
  9162 | D:7      | Noticed Joseph
  9171 | D:6      | Reached skill level 9 in Spellcasting
  9251 | D:7      | Noticed Duvessa
  9261 | D:6      | Reached skill level 5 in Conjurations
  9564 | D:7      | Noticed Dowan
  9581 | D:7      | Killed Dowan
  9729 | D:7      | Reached ** piety under Sif Muna
 10213 | D:7      | Killed Joseph
 10396 | D:7      | Lost mutation: Your spells are a little easier to cast, but a little less powerful. [potion of cure mutation]
 10396 | D:7      | Lost mutation: You are dopey. (Int -2) [potion of cure mutation]
 10396 | D:7      | Lost mutation: You have a pair of horns on your head. [potion of cure mutation]
 10440 | D:7      | Found a shattered altar of Ashenzari.
 10507 | D:7      | Found an iron altar of Okawaru.
 10578 | D:7      | Killed Duvessa
 10578 | D:7      | Reached skill level 1 in Staves
 11182 | D:8      | Reached skill level 1 in Evocations
 11257 | D:8      | Reached XP level 10. HP: 51/77 MP: 10/23
 11930 | D:8      | Reached skill level 5 in Evocations
 12159 | D:9      | Noticed Maurice
 12848 | D:9      | Reached *** piety under Sif Muna
 12858 | D:9      | Killed Maurice
 12858 | D:9      | Reached skill level 10 in Spellcasting
 12984 | D:9      | Found a hazy altar of Hepliaklqana.
 13050 | D:9      | Noticed Prince Ribbit
 13070 | D:9      | Killed Prince Ribbit
 13140 | D:9      | Noticed Erica
 13145 | D:9      | Reached skill level 5 in Staves
 13152 | D:9      | Killed Erica
 13375 | D:9      | Found a glowing silver altar of Zin.
 13422 | D:9      | Reached XP level 11. HP: 65/84 MP: 16/25
 13764 | D:10     | Entered Level 10 of the Dungeon
 14334 | D:10     | Reached **** piety under Sif Muna
 14887 | D:10     | Found a staircase to the Lair.
 15029 | D:11     | Noticed a hill giant
 15073 | D:11     | Found a labyrinth entrance.
 15082 | Lab      | Entered a labyrinth
 16201 | Lab      | Noticed a minotaur
 16241 | Lab      | Identified Nides's Reference Book on Feathery Battle Magic
 16241 | Lab      | Identified the Volume of Evil Intoxication
 16243 | Lab      | HP: 3/84 [minotaur (19)]
 16271 | D:10     | Identified a +6 rod of clouds (12/12) (You found it in a labyrinth)
 16587 | D:10     | Identified a scroll of acquirement
 16601 | D:10     | Learned a level 5 spell: Fireball
 16606 | D:10     | Learned a level 4 spell: Animate Dead
 16612 | D:10     | Learned a level 5 spell: Lightning Bolt
 16615 | D:10     | Learned a level 2 spell: Throw Flame
 16620 | D:10     | Learned a level 4 spell: Summon Ice Beast
 16624 | D:10     | Learned a level 2 spell: Slow
 16654 | D:11     | Noticed a hill giant
 16654 | D:11     | Noticed a hill giant
 17012 | D:10     | Reached skill level 1 in Fire Magic
 17132 | Lair:1   | Entered Level 1 of the Lair of Beasts
 17165 | Lair:1   | Mangled by a spiny frog

Vault maps used:
D:1:      arrival_zaba_pyramid
D:3:      lemuel_coloured_pillars_altar, lemuel_round_altar,
          gup_sewer_entry_pipe, first_bread
D:4:      minmay_diamond_boxcup, overflow_temple_1_default, tgw_xom,
          serial_shops, nicolae_shop_crystal, minmay_mini_jars, uniq_grinder
D:5:      trog_eyes_of_draining, lemuel_angel_altar
D:6:      kennysheep_mini_moat
D:7:      kennysheep_little_box, nicolae_overflow_crystal_walls, uniq_duvessa,
          uniq_joseph
D:9:      lemuel_doored_altar, zin_statuary, uniq_maurice, uniq_prince_ribbit1,
          uniq_erica
D:10:     erik_lair_dragon
D:11:     boulder_corridor_run, lab_entry_generic, hangedman_fish_farm
Temple:   minmay_temple_curvy_loop
Lair:1:   st_stairs_5, uniq_harold
Lab:      nicolae_lab_x
Sewer:    sewer_frog_island_02

Skill      XL: |  1  2  3  4  5  6  7  8  9 10 11 |
---------------+----------------------------------+-----
Conjurations   | 2 3 4 6 7 9 |  9.5
Air Magic      | 1 4 6 |  6.0
Spellcasting   | 4 5 6 8 9 10 | 10.0
Poison Magic   | 1 2 |  2.0
Translocations | 3 4 |  4.0
Fighting       | 1 4 |  4.0
Staves         | 3 5 |  5.0
Evocations     | 3 5 |  5.0
Dodging        | 3 |  3.6
Fire Magic     | 3 |  3.7
Stealth        | |  1.7
Summonings     | |  1.0

Action                   |  1- 3 |  4- 6 |  7- 9 | 10-12 || total
-------------------------+-------+-------+-------+-------++-------
Melee: Club              |     4 |       |       |       ||     4
       Short sword       |    45 |   172 |       |       ||   217
       Mace              |     8 |       |       |       ||     8
       Tailslap          |     3 |    21 |    33 |    60 ||   117
       Dagger            |       |    15 |   305 |       ||   320
       Headbutt          |       |       |    75 |    65 ||   140
       Peck              |       |       |    37 |    66 ||   103
       Quarterstaff      |       |       |    87 |   400 ||   487
       Flail             |       |       |     3 |    57 ||    60
 Cast: Magic Dart        |    79 |   155 |   278 |    44 ||   556
       Repel Missiles    |     1 |       |     2 |       ||     3
       Mephitic Cloud    |       |     5 |    35 |    84 ||   124
       Blink             |       |     1 |       |     9 ||    10
       Lightning Bolt    |       |       |       |     3 ||     3
       Throw Flame       |       |       |       |     3 ||     3
       Slow              |       |       |       |     1 ||     1
 Abil: Breathe Steam     |       |       |     1 |     5 ||     6
       Evoke Invisibilit |       |       |       |     1 ||     1
  Use: Scroll            |     4 |     6 |     7 |     4 ||    21
       Potion            |       |     3 |     7 |     7 ||    17
 Stab: Sleeping          |     2 |     2 |       |     3 ||     7
       Confused          |       |     1 |     3 |    22 ||    26
  Eat: Chunk             |     2 |    11 |    25 |    13 ||    51
       Beef jerky        |       |       |     1 |       ||     1
       Meat ration       |       |       |       |     3 ||     3
       Pizza             |       |       |       |     3 ||     3
Armor: Skin              |    33 |    98 |   173 |   174 ||   478
Dodge: Dodged            |    74 |   171 |   262 |   278 ||   785
       Deflected         |       |     3 |     5 |     6 ||    14
